[Event "Marcel Invitational Chess-ch 2022"]
[Site "Dhaka"]
[Date "2022.04.21"]
[Round "3.3"]
[White "Ahmed, Sheikh Nasir"]
[Black "Jabed Al Azad"]
[Result "1-0"]
[ECO "A38"]
[WhiteElo "2168"]
[BlackElo "2043"]
[Annotator "TA"]
[PlyCount "88"]
[EventDate "2022.04.18"]
[EventCountry "BAN"]
[SourceTitle "playchess.com"]
[Source "ChessBase"]
[SourceQuality "1"]
[TimeControl "5400+30"]

1. c4 Nf6 2. g3 g6 3. Bg2 Bg7 4. Nc3 c5 5. Nf3 Nc6 6. d4 cxd4 7. Nxd4 O-O 8. O-O a6 {[%emt 0:06:37] 8...Qa5 is setting a new trend.} 9. Nc2 d6 10. Qd2 {[%emt 0:07:46] A38: Symmetrical English vs ...g6: 4 Bg2 Bg7 5 Nf3 Nf6.} Bd7 11. b3 Rc8 12. Bb2 {[%emt 0:00:28] White is slightly better.} Na5 (12... Re8 $11) 13. Nd4 (13. Nd5 $16) 13... Nc6 $11 14. e3 Qa5 15. Rfd1 {[%emt 0:21:59] Nxc6 is the strong threat.} Qh5 16. Nde2 {[%emt 0:00:57] [#]} Ng4 $146 ({Predecessor:} 16... Ne5 17. Bxb7 d5 18. Nd4 dxc4 19. Bxc8 Rxc8 20. f4 Neg4 21. bxc4 Rxc4 22. h4 e5 23. Nb3 Rc8 24. Rac1 Bc6 {0-1 (30) Borras Julian,T-Van Tricht,M (2378) ICCF email 2013}) 17. h3 Nge5 18. g4 $36 {[%emt 0:05:05][%mdl 2048] White is pushing.} Bxg4 19. hxg4 Nxg4 20. Nd5 e5 {[%emt 0:05:39] Inhibits Nd4.} (20... Bxb2 $16 21. Qxb2 e6) 21. Kf1 (21. f3 $18 {is more deadly.} Qh2+ 22. Kf1) 21... Qh4 {[%emt 0:01:31] [#]} ({Black should try} 21... f5) 22. Ng1 ({White should play} 22. Qe1 $1) 22... f5 23. Nh3 g5 24. f3 {[%emt 0:07:37][%cal Bf2f3,Bf3f4][%mdl 32] Strongly threatening Qe1.} Nh6 $2 {[%emt 0:11:39] Black cannot hold the game after this.} (24... Nh2+ $14 25. Kg1 Nxf3+ 26. Bxf3 Qxh3) 25. Qf2 {[%emt 0:00:11] aiming for Qxh4.} Qh5 26. Ng1 g4 (26... Qg6 $142 27. Rab1 f4) 27. f4 $18 Nf7 28. Ne2 e4 $2 (28... Rce8 29. Ng3 Qg6) 29. Bxg7 {[%emt 0:00:10] White is clearly winning.} Kxg7 30. Ng3 Qg6 31. Qb2+ Nfe5 32. fxe5 dxe5 33. Nf4 Qe8 34. Rd6 Kg8 35. Nd5 Kg7 36. Rd1 h5 37. Nf4 h4 38. Rg6+ Qxg6 39. Nxg6 Kxg6 40. Rd6+ Kg5 41. Ne2 Rce8 42. Kg1 h3 43. Bf1 Nd8 {[%emt 0:00:55] [#]} 44. Nf4 $1 Rf6 {[%emt 0:03:15] Inhibits Rg6+.  Weighted Error Value: White=0.25 (precise) /Black=0.49} 1-0

[Event "Marcel Invitational Chess-ch 2022"]
[Site "Dhaka"]
[Date "2022.04.21"]
[Round "3.4"]
[White "Mukitul, Islam Ripon"]
[Black "Manon, Reja Neer"]
[Result "0-1"]
[ECO "B12"]
[WhiteElo "1983"]
[BlackElo "2209"]
[Annotator "TA"]
[PlyCount "134"]
[EventDate "2022.04.18"]
[EventCountry "BAN"]
[SourceTitle "playchess.com"]
[Source "ChessBase"]
[SourceQuality "1"]
[TimeControl "5400+30"]

1. e4 c6 2. d4 d5 3. e5 Bf5 4. Bd3 Bxd3 5. Qxd3 e6 6. Nf3 Nd7 7. O-O Ne7 8. b3 {[%emt 0:00:00] B12: Caro-Kann: Advance Variation.} Nf5 {[%emt 0:08:58] [#]} 9. Ba3 $146 (9. c4 $14) ({Predecessor:} 9. c4 Be7 10. Nc3 h5 11. Rd1 Nh6 12. a4 g5 13. Ba3 Bxa3 14. Rxa3 Qe7 15. Ra2 {0-1 (55) Ferrera Gonzalez,C (1798)-Gonzalez Garcia,Z (1914) Tenerife 2017}) 9... Bxa3 $15 10. Nxa3 {[%emt 0:00:00][%cal Bb1a3,Ba3c4,Bc4a5][%mdl 32] Black is slightly better.} Qa5 (10... Qe7 $5 11. Nb1 c5 $11) 11. b4 Qc7 ({Resist} 11... Qxb4 12. Rab1 Qe7 13. Rxb7 $16) 12. c4 dxc4 13. Nxc4 h5 (13... Nb6 $1 $11) 14. Rfc1 Qd8 15. Na5 Rb8 16. a3 O-O 17. Qe4 Nb6 18. g4 (18. Nb3 $11) 18... Nh4 (18... hxg4 $17 19. Qxg4 Nd5) 19. Rc3 (19. gxh5 $11 Nxf3+ 20. Qxf3) 19... Qd5 20. Qf4 Ng6 21. Qg5 Qd8 (21... Qe4 $1 $15 22. Re1 Qxg4+ 23. Qxg4 hxg4) 22. gxh5 $11 ({Don't go for} 22. Qxh5 $2 Nf4 23. Qh4 Ne2+ 24. Kf1 Qxh4 25. Nxh4 Nxc3 $19) 22... Qxg5+ 23. Nxg5 Nf4 {[%emt 0:00:01] Hoping for ...Ne2+.} 24. Re1 {[%emt 0:00:00][%cal Oh5h6,Ba1e1,Be1e4,Be4h4][%mdl 32] Prevents Ne2+.} Rfd8 25. Nb3 Nxh5 26. Rf3 Rd7 27. Re4 Rbd8 (27... g6 $14) 28. Rh4 g6 29. Ne4 (29. Nc5 $16) 29... Nd5 30. Nbc5 Rc7 31. Nd6 b6 32. Nce4 Kg7 33. Ng5 Rxd6 34. exd6 Rd7 35. Ne4 f5 36. Nd2 Ndf6 37. Re3 g5 38. Rxh5 Nxh5 39. Rxe6 {[%emt 0:00:02][%mdl 4096] Endgame KRN-KRN} Nf4 {[%emt 0:01:06][%mdl 64] Deflection} 40. Re5 (40. Re7+ $11 {keeps the balance.} Rxe7 41. dxe7) 40... Rxd6 $17 41. Rxf5 Rxd4 42. Nf1 ({Not} 42. Rxg5+ $2 Kf6 43. h4 Rxd2 $19) 42... Kg6 43. Re5 Rd1 ({Black should play} 43... Kf6 $1 $17 44. Re1 Rd3) 44. f3 (44. Re7 $15) 44... Nh3+ (44... Ra1 $142 45. Re3 c5 46. bxc5 bxc5) 45. Kg2 {[%emt 0:00:19] [#]} Nf4+ (45... Kf6 $142 $1 46. Rf5+ Kxf5 47. Ne3+ Ke5 48. Nxd1 Nf4+ 49. Kg3 Ne6) 46. Kg1 {[%emt 0:00:25] Black continues to play with concentration.} Ra1 47. Re3 Kf6 {[%emt 0:00:43] &Nero is more active.} 48. Rb3 (48. Kf2 $17 {was necessary.}) 48... Ke5 $19 {[%emt 0:00:53] And now ...Kd4 would win.} 49. Kf2 $2 (49. Re3+ Kd5 50. Re8) 49... Ra2+ 50. Ke1 Kd4 51. Ng3 Kc4 52. Rb1 Rxa3 53. Ne4 Ra2 54. Rc1+ Kxb4 55. Rxc6 Rxh2 {[%emt 0:00:29] aiming for ...Nd3+.} 56. Nxg5 Kb5 57. Rf6 (57. Rd6) 57... Nd3+ 58. Kf1 Nc5 {[%emt 0:00:59] White must now prevent ...a5.} 59. f4 a5 {[%emt 0:00:27] Threatens to win with ...a4.} 60. Nf3 Rb2 {[%emt 0:00:39] ...a4 is the strong threat.} 61. f5 (61. Rf8 $142 a4 62. Ra8) 61... a4 {[%emt 0:00:06] ( -> ...a3)} 62. Rf8 a3 {[%emt 0:00:14] Black mates.} 63. Nd4+ Kc4 64. Ra8 a2 65. Ne6 Rb1+ 66. Kg2 a1=Q 67. Rxa1 Rxa1 {[%emt 0:00:07] Weighted Error Value: White=0.36/Black=0.19 (very precise)} 0-1

[Event "Marcel Invitational Chess-ch 2022"]
[Site "Dhaka"]
[Date "2022.04.21"]
[Round "3.5"]
[White "Islam, Khandaker Aminul"]
[Black "Masum, Hossain"]
[Result "1-0"]
[ECO "D00"]
[WhiteElo "2153"]
[BlackElo "2003"]
[Annotator "TA"]
[PlyCount "64"]
[EventDate "2022.04.18"]
[EventCountry "BAN"]
[SourceTitle "playchess.com"]
[Source "ChessBase"]
[SourceQuality "1"]
[TimeControl "5400+30"]

1. d4 d5 2. Bf4 c5 3. e3 Nc6 4. c3 Qb6 5. Qb3 c4 6. Qc2 {[%emt 0:00:02] D00: 1 d4 d5: Unusual lines.} Bf5 {[%emt 0:00:58] 6...e5 might become the main line.} 7. Qxf5 $16 Qxb2 {[%emt 0:00:05] [#] ...e6 is the strong threat.} 8. Qxd5 {[%emt 0:00:16][%cal Of1c4] White is better.} Qxa1 9. Qb5 {[%emt 0:00:07] &Bianco is more active.} O-O-O ({Black should try} 9... a6 10. Qxb7 Nd8) 10. Qf5+ e6 11. Qc2 {[%emt 0:00:03] [#]} b5 $146 ({Predecessor:} 11... g5 12. Bg3 Na5 13. Nf3 Rd5 14. Be2 Rb5 15. O-O Nf6 16. Qa4 Rxb1 17. Qxa5 Nd5 18. Qxa7 {1-0 (29) Sedlak,N (2589)-Mihok,O (2445) Hungary 2012}) 12. Nf3 $1 $40 {[%emt 0:04:00][%cal Of1c4][%mdl 128] White wants a kill.} Ba3 $2 {[%emt 0:00:11] [#]} (12... Nf6 $16) 13. Bxc4 $1 $18 bxc4 (13... a6 14. Ng5) 14. O-O Qb2 (14... Bb2 $142 15. Qa4 Nge7) 15. Qa4 $1 Nge7 {[%emt 0:01:22] Hoping for ...Bd6.} 16. Nxa3 Qxa2 17. Ng5 ({Weaker is} 17. Qa6+ Kd7 18. Ne5+ Nxe5 $18) 17... Rd5 18. Qa6+ Kd7 19. Nxf7 {[%emt 0:02:23] Threatens to win with e4.} Rd8 (19... Ke8 $142) 20. Nxd8 $2 (20. e4 Ra5 21. Qb7+ Ke8 22. Nxd8 Nxd8 23. Qc7 Qxa3 24. Bd6 Qxd6 25. Qxd6) 20... Kxd8 {[%emt 0:00:01] [#]} 21. Bc7+ Kd7 $2 {[%emt 0:03:44] [#]} (21... Ke8 22. e4 Ra5 23. Bxa5 Qxa3 24. Qxc4 Qxa5 25. Qxe6 Qxc3) 22. e4 $1 Rg5 (22... Ra5 23. Bxa5) 23. Bf4 Ra5 24. Qb7+ Ke8 25. Nb5 Qb3 26. Nd6+ Kf8 27. Qd7 g5 28. Qe8+ Kg7 29. Qf7+ Kh6 30. Qf6+ Kh5 31. Qf7+ Kh6 32. Qxe6+ Ng6 {[%emt 0:00:33] Black got outplayed after the opening.  Weighted Error Value: White=0.35/Black=1.02} 1-0

[Event "Marcel Invitational Chess-ch 2022"]
[Site "Dhaka"]
[Date "2022.04.21"]
[Round "3.6"]
[White "Rahman, Syed Mahfuzur"]
[Black "abu, Hanif"]
[Result "1-0"]
[ECO "C02"]
[WhiteElo "2099"]
[BlackElo "2023"]
[Annotator "TA"]
[PlyCount "121"]
[EventDate "2022.04.18"]
[EventCountry "BAN"]
[SourceTitle "playchess.com"]
[Source "ChessBase"]
[SourceQuality "1"]
[TimeControl "5400+30"]

1. e4 e6 2. d4 d5 3. e5 c5 4. c3 Nc6 5. Nf3 cxd4 6. cxd4 Bd7 {[%emt 0:00:09] 6...Nge7 is setting a new trend.} 7. a3 Qb6 8. Nc3 Na5 {[%emt 0:00:38] C02: French: Advance Variation.} 9. b4 Qc6 10. bxa5 Qxc3+ {[%emt 0:00:32] White is better.} 11. Bd2 {[%emt 0:00:02] [#]} Qc7 $146 ({Predecessor:} 11... Qc8 12. Bd3 a6 13. Qb1 Ne7 14. h4 Bc6 15. h5 h6 16. O-O Qd7 17. Rc1 Nc8 {1-0 (33) Mullon,J (2333)-Stenel,V (2103) France 2009}) 12. Rc1 Qd8 13. Qb3 Rb8 $1 14. Bb5 Bxb5 15. Qxb5+ Qd7 16. a4 h6 (16... a6 $5 17. Qb6 Ne7 $14) 17. Rc7 {[%emt 0:02:06][%csl Gc7][%cal Rb5d7] [#]} Qxb5 18. axb5 {[%emt 0:02:37] 0-0 is the strong threat.} Be7 $1 19. Ke2 {[%emt 0:01:11] 0x0.001a398f4a34dp-1022s more active pieces.} Bd8 20. Rc2 Ne7 21. Rhc1 Kd7 22. Bb4 Rc8 23. Nd2 Rxc2 24. Rxc2 b6 25. a6 Nc8 26. f4 Be7 27. Bc3 g5 28. Nf3 Rg8 29. Bd2 g4 (29... gxf4 $11 30. Kf2 h5) 30. Ne1 $16 Bf8 31. f5 {[%emt 0:01:53] Strongly threatening Rc6.} Ne7 {[%emt 0:00:12] Inhibits Rc6.} 32. f6 Nf5 33. Kd3 h5 34. Rc6 h4 {[%emt 0:00:11] [#] Hoping for ...h3.} 35. Bf4 Ba3 (35... Rh8 $1 $11) 36. Rc2 (36. Kc3 $1 $14) 36... Bb4 37. Rc1 h3 38. Nc2 Ba5 {[%emt 0:00:43] Black is on the road to losing.} (38... Rc8 $1 $11 39. gxh3 (39. Nxb4 $2 Rxc1 40. gxh3 Rd1+ 41. Ke2 Rxd4 $19) 39... Rc3+ 40. Kd2 Rc4+ 41. Nxb4 Rxb4 42. hxg4 Nxd4) 39. gxh3 gxh3 40. Ne3 {[%emt 0:00:11] Prevents Rg4.} Nxe3 (40... Nh4 $16 {was necessary.}) 41. Bxe3 {[%emt 0:00:07][%mdl 4096] Endgame KRB-KRB} Rg2 42. Rg1 {[%emt 0:00:45] aiming for Rxg2.} Rxg1 43. Bxg1 $18 {[%emt 0:00:02] KB-KB} Ke8 44. Ke2 Kf8 45. Kf3 Kg8 46. Kg4 Kh7 47. Kxh3 Kg6 48. Kg4 Bd2 49. Bf2 {[%emt 0:00:03] And now Kf3 would win.} Kh6 50. Kf3 Kg5 51. Ke2 Bb4 52. Be3+ Kh4 53. Kd3 Kh3 54. Bf4 Kg4 55. Bh6 Kh3 56. Kc2 {[%emt 0:00:25] White threatens Kb3 and mate.} Kxh2 57. Kb3 Be1 58. Bf8 Bf2 59. Kc3 Kg3 60. Bd6 {[%emt 0:00:21] White wants to mate with Bb8.} Kf4 61. Kd3 {[%emt 0:00:11] Weighted Error Value: White=0.10 (very precise) /Black=0.54} 1-0

[Event "Marcel Invitational Chess-ch 2022"]
[Site "Dhaka"]
[Date "2022.04.22"]
[Round "4.2"]
[White "Manon, Reja Neer"]
[Black "Rahman, Syed Mahfuzur"]
[Result "1/2-1/2"]
[ECO "C78"]
[WhiteElo "2209"]
[BlackElo "2113"]
[Annotator "TA"]
[PlyCount "94"]
[EventDate "2022.04.18"]
[EventCountry "BAN"]
[SourceTitle "playchess.com"]
[Source "ChessBase"]
[SourceQuality "1"]
[TimeControl "5400+30"]

1. e4 e5 2. Nf3 Nc6 3. Bb5 a6 4. Ba4 Nf6 5. O-O b5 6. Bb3 Bc5 7. d3 d6 8. h3 O-O 9. c3 h6 {[%emt 0:05:08] C78: Ruy Lopez: Archangelsk and Möller Defences.} 10. Re1 Bb6 11. Nbd2 Na5 12. Bc2 c5 13. Nf1 Nc6 14. Ng3 Re8 15. Nh4 d5 {[%emt 0:05:07] [#]} 16. Nhf5 $146 ({Predecessor:} 16. exd5 Nxd5 17. Nhf5 Qf6 18. Qf3 Bxf5 19. Nxf5 Rad8 20. Bb3 c4 21. dxc4 bxc4 22. Bxc4 {0-1 (33) Lopez Gonzalez,C (1771)-Dominguez Rincon,M (2070) Medellin 2018}) 16... d4 17. c4 (17. Bb3 $14) 17... bxc4 $15 18. dxc4 Ne7 (18... Ba5 {feels hotter.} 19. Ba4 Re6 20. Bd2 Bxd2 21. Qxd2 Qa5) 19. Nxe7+ Rxe7 20. f4 exf4 (20... Bb7 $17) 21. Bxf4 $11 Bc7 (21... g5 22. e5 gxf4 23. exf6 Rxe1+ 24. Qxe1 $16) 22. e5 Nh7 23. Qd3 Nf8 (23... g6 $11) 24. Nh5 $1 $14 Re6 25. Qg3 {[%emt 0:05:17][%csl Gh5][%cal Rg3g7] [#]} Ng6 $1 26. Be4 Rb8 27. Bd5 (27. b3 $11) 27... Rxb2 $17 {[%emt 0:00:56] ...Bb7 is the strong threat.} 28. Bc1 (28. Rf1 $142) 28... Rc2 {[%emt 0:03:06] And now ...Rb6 would win.} 29. Bxe6 $2 (29. Nf4 $17 {was called for.} Rc3 30. Qf2) 29... Bxe6 $19 30. Nf4 Qh4 (30... Bxc4 31. Nxg6 Rc3 32. Qg4 fxg6 33. Qxg6 $11) (30... Bf5 $19 {is more deadly.} 31. Nxg6 Bxg6) 31. Qxh4 $17 Nxh4 32. Ba3 d3 ({Much worse is} 32... Bxc4 $6 33. Rac1 Rxc1 34. Rxc1 $11) (32... g5 $17 33. Nxe6 fxe6 34. Bxc5 Rxg2+ 35. Kf1 Rh2) 33. Nxe6 $11 fxe6 34. Rad1 $2 (34. Bxc5 $11 Nxg2 35. Rf1 (35. Re4 $2 d2 $19)) 34... Rxg2+ $2 (34... Nxg2 $19 35. Re4 Re2) 35. Kh1 {[%emt 0:00:12] [#]} Rxa2 (35... Re2 $1 $17 {Hoping for ...Nf3.} 36. Rxe2 dxe2) 36. Rxd3 {[%emt 0:00:30] The position is equal.} Ng6 37. Bxc5 Nxe5 38. Rde3 Nxc4 39. Rxe6 Rh2+ 40. Kg1 {[%emt 0:00:01] Threatens to win with Re8+.} Rxh3 41. Rxa6 Ne5 {[%emt 0:02:40] aiming for ...Nf3+.} 42. Re3 Rxe3 43. Bxe3 Ng4 44. Bd4 Be5 45. Bxe5 Nxe5 46. Kg2 Kh7 47. Kg3 Nd7 {[%emt 0:01:47] Weighted Error Value: White=0.29 (precise) /Black=0.32} 1/2-1/2

[Event "Marcel Invitational Chess-ch 2022"]
[Site "Dhaka"]
[Date "2022.04.22"]
[Round "4.4"]
[White "Jamal Uddin"]
[Black "Mohammad, Javed"]
[Result "1-0"]
[ECO "D03"]
[WhiteElo "2106"]
[BlackElo "2070"]
[Annotator "TA"]
[PlyCount "101"]
[EventDate "2022.04.18"]
[EventCountry "BAN"]
[SourceTitle "playchess.com"]
[Source "ChessBase"]
[SourceQuality "1"]
[TimeControl "5400+30"]

1. d4 Nf6 2. Bg5 d5 3. e3 e6 4. Nf3 h6 5. Bh4 Nbd7 6. Bd3 {[%emt 0:01:02] D03: 1 d4 d5 2 Nf3 Nf6 3 Bg5, including Torre Attack with early ...d5.} Be7 7. c4 c5 8. Nc3 {[%emt 0:01:23] The position is equal.} cxd4 9. Nxd4 O-O 10. cxd5 Nxd5 11. Bxe7 Nxe7 12. Rc1 Nc5 13. Bb1 e5 {[%emt 0:01:40] [#]} 14. Nf3 $146 ({Predecessor:} 14. Qc2 Ng6 15. Nde2 b6 16. b4 Ne6 17. O-O Bb7 18. Ng3 Re8 19. Nce4 Rc8 20. Qe2 Rxc1 21. Rxc1 {1-0 (60) Melnichenko,A (2282)-Volkov,D Kiev 2011}) 14... Qxd1+ 15. Nxd1 Nd7 16. O-O f5 (16... f6 $11) 17. Nc3 a5 (17... e4 $14) 18. Rfd1 {[%emt 0:02:32] &Bianco is more active.} e4 19. Nd4 Ne5 20. Ncb5 Bd7 21. Rc7 (21. Rc5 $5 N5c6 22. Nxc6 Bxc6 23. Nd4 $14) 21... b6 22. a4 {[%emt 0:06:40] Threatening Ba2+.} (22. Nd6 $5 ) 22... Rac8 23. Ba2+ Kh8 24. Ne6 (24. Ra7 $11) 24... Bxe6 (24... Bxb5 $15 25. Rxc8 Rxc8 26. axb5 Nd3) 25. Bxe6 $11 Rxc7 26. Nxc7 Nd3 27. b3 Nc6 28. f4 Ncb4 29. Kf1 g5 {[%emt 0:01:27] Threatens to win with ...Nc2.} 30. g3 Rf6 31. Bc4 gxf4 32. gxf4 Rc6 33. Ne6 Nc2 {[%emt 0:02:33] Pair of Knights!} 34. Ke2 {[%emt 0:00:38] [#] Black must now prevent Rg1.} Na3 $2 {[%emt 0:00:23][%mdl 8192] A mistake that costs the game.} (34... Rd6 $11 {and Black stays safe.}) 35. Nd4 $18 Rc5 (35... Rc8 36. Bxd3 (36. Nxf5 Nxc4 37. bxc4 Rxc4 $11) 36... exd3+ 37. Kxd3 b5 38. axb5 Rb8) 36. Bxd3 {[%emt 0:01:33] White is clearly winning.} exd3+ 37. Kxd3 {[%emt 0:00:31][%mdl 4096] Endgame Ra1 is the strong threat. KRN-KRN} b5 38. Ra1 b4 39. Rg1 Kh7 {[%emt 0:00:14] [#]} 40. Rg7+ $3 Kh8 {[%emt 0:00:43] Hoping for ...Rc3+.} 41. Rf7 Rc3+ 42. Kd2 Nb1+ 43. Ke2 Rc1 44. Rxf5 Nc3+ 45. Kf3 Rf1+ 46. Kg2 Re1 47. Kf2 Rh1 48. Rh5 Kg7 49. Kg2 Re1 50. Rxa5 Nd1 51. Re5 {[%emt 0:00:45] Weighted Error Value: White=0.14 (very precise) /Black=0.35} 1-0

[Event "Marcel Invitational Chess-ch 2022"]
[Site "Dhaka"]
[Date "2022.04.22"]
[Round "4.5"]
[White "Ahmed, Feroz"]
[Black "Mohammad Minhaz Uddin"]
[Result "0-1"]
[ECO "A27"]
[WhiteElo "1901"]
[BlackElo "2267"]
[Annotator "TA"]
[PlyCount "52"]
[EventDate "2022.04.18"]
[EventCountry "BAN"]
[SourceTitle "playchess.com"]
[Source "ChessBase"]
[SourceQuality "1"]
[TimeControl "5400+30"]

1. c4 e5 2. g3 Nc6 3. Bg2 Bc5 4. Nc3 d6 5. Nf3 Nge7 6. Na4 {[%emt 0:00:00] A27: English Opening: Three Knights Variation.} Be6 {[%emt 0:00:47] [#]} 7. Qc2 $146 ({Predecessor:} 7. Nxc5 dxc5 8. d3 f6 9. Be3 b6 10. O-O O-O 11. Nd2 Qe8 12. Re1 Rd8 13. Qa4 a5 {0-1 (30) Berkovich,M (2410)-Narciso Dublan,M (2518) Andorra 2003}) 7... f6 8. O-O {[%emt 0:00:00] Black has an edge.} Qd7 9. a3 a6 10. Rd1 (10. b4 $11 {keeps the balance.} Bd4 11. Bb2) 10... Bh3 11. Bh1 (11. Bxh3 $142 Qxh3 12. Nxc5 dxc5 13. b4) 11... h5 {[%emt 0:05:49] &Nero is more active.} 12. e3 h4 13. d4 exd4 14. Nxd4 hxg3 15. hxg3 (15. fxg3 {was forced.} Bxd4 16. exd4) 15... Bxd4 $19 16. exd4 Bg4 {[%emt 0:00:04][%cal Oh8h1] [#] Inhibits Bf3. ...Rxh1+! is the strong threat.} 17. Bg2 Bxd1 18. Qxd1 O-O-O 19. Be3 (19. b4 $17) 19... Nf5 20. d5 Ne5 21. Bf4 g5 ({Not} 21... Nxc4 22. Rc1 $17) 22. Bxe5 fxe5 23. c5 $2 (23. Qg4) 23... Qh7 {[%emt 0:00:19] Black is clearly winning.} 24. Qd3 Rdf8 25. Kf1 Qh2 {[%emt 0:00:05][%cal Oe5e4] Hoping for ...e4!} 26. Bf3 {[%emt 0:00:57] [#]} Nxg3+ $1 {[%emt 0:00:10] Weighted Error Value: White=1.06/Black=0.34} 0-1

[Event "Marcel Invitational Chess-ch 2022"]
[Site "Dhaka"]
[Date "2022.04.22"]
[Round "4.6"]
[White "Kazi Zarin, Tasnim"]
[Black "abzid, Rahman"]
[Result "1-0"]
[ECO "B01"]
[WhiteElo "1816"]
[BlackElo "2091"]
[Annotator "TA"]
[PlyCount "53"]
[EventDate "2022.04.18"]
[EventCountry "BAN"]
[SourceTitle "playchess.com"]
[Source "ChessBase"]
[SourceQuality "1"]
[TimeControl "5400+30"]

1. e4 d5 2. exd5 Qxd5 3. Nc3 Qa5 4. Nf3 c6 5. d4 Nf6 6. Bc4 Bg4 7. Bd2 e6 8. h3 Bh5 9. g4 Bg6 $1 10. Ne5 {[%emt 0:18:04] B01: Scandinavian Defence.} Qb6 (10... Nbd7 $11 {remains equal.}) 11. Qe2 $16 {[%emt 0:05:29] &Bianco is more active.} ({Much worse is} 11. Nxg6 hxg6 12. Qe2 Be7 $11) 11... Be7 $2 {[%emt 0:08:15] [#]} ({Weaker is} 11... Qxd4 12. f4 Ne4 13. O-O-O) (11... Nbd7 $16) 12. O-O-O $1 $18 {[%emt 0:06:08] White has a decisive advantage.} Nbd7 13. h4 Qxd4 14. Nxd7 Nxd7 {[%emt 0:00:22] [#]} 15. Be3 $146 ({Don't do} 15. h5 O-O-O 16. Be3 Qe5 $18) ({Predecessor:} 15. h5 Bxc2 16. Kxc2 Ne5 17. Bb3 Rd8 18. Bc1 Qc5 19. Be3 Qa5 20. Bd4 Nd7 21. h6 Rg8 22. hxg7 Qg5 23. f4 Qxf4 24. Rxh7 Nf6 25. Rh8 Rxd4 26. Rxd4 Qxd4 27. g5 {1-0 (26) Tallo Dominguez,I (2232)-Anguera Maestro,J (2090) Barcelona 2015}) 15... Qe5 16. h5 Ba3 $2 (16... Be4 $2 17. f4 Qa5 18. Nxe4 $18) (16... O-O-O 17. f4 Qa5 18. hxg6 hxg6 19. Rxh8 Rxh8) 17. bxa3 {[%emt 0:01:56] White is clearly winning.} Qxc3 18. hxg6 Qxa3+ 19. Kb1 {[%emt 0:01:54] [#] Intending gxf7+ and mate.} O-O-O 20. Rxh7 Rxh7 21. gxh7 Rh8 22. Bd4 {[%emt 0:04:53] g5 is the strong threat.} Rxh7 23. Bb3 {[%emt 0:05:10] Black must now prevent Qd3.} Qe7 24. Bxa7 Rh3 25. Bd4 g6 26. f4 Qh4 27. f5 {[%emt 0:02:01] Black did not feel at home in the position after the opening.  Weighted Error Value: White=0.14 (very precise) /Black=0.46} 1-0